 Dungeon Crawl Stone Soup version 0.28-a0-987-g8383568036 (webtiles) character file.

Game seed: 8186013063715205459

483 Jinxx the Grave Robber (level 6, -2/44 HPs)
             Began as a Vampire Necromancer on Dec 4, 2021.
             Slain by a bullfrog skeleton (5 damage)
             ... on level 5 of the Dungeon.
             The game lasted 00:27:33 (4387 turns).

Jinxx the Grave Robber (Vampire Necromancer)        Turns: 4387, Time: 00:27:33

Health: -2/44      AC:  3    Str:  6 (7)  XL:     6   Next: 87%
Magic:  4/11       EV: 12    Int: 17 (20) God:
Gold:   243        SH:  0    Dex: 12 (14) Spells: 3/12 levels left

rFire   x . .      SeeInvis +   o - +0 flail (protect)
rCold   + . .      Faith    .   (no shield)
rNeg    + . .      Spirit   .   g - +0 leather armour {Will+}
rPois   .          Reflect  .   (no helmet)
rElec   .          Harm     .   (no cloak)
rCorr   .          Rampage  .   (no gloves)
Will    +....                   (no boots)
Stlth   ++........              (no amulet)
HPRegen 0.34/turn               e - ring of ice
MPRegen 0.12/turn               k - ring of positive energy

@: healing quickly
A: alive, fangs 3, see invisible, vampiric 2
a: Exsanguinate


You were on level 5 of the Dungeon.
You visited 1 branch of the dungeon, and saw 5 of its levels.

You collected 243 gold pieces.

Inventory:

Hand Weapons
 j - a +0 rapier
 o - a +0 flail of protection (weapon)
Missiles
 c - 108 stones
 d - 61 bolts
 l - 26 poisoned darts
 p - 11 javelins
Armour
 a - a +0 robe
 g - a +0 leather armour of willpower (worn)
Jewellery
 e - a ring of ice (left hand)
 k - a ring of positive energy (right hand)
Wands
 f - a wand of mindburst (3)
Scrolls
 b - a scroll of amnesia {unknown}
Potions
 h - a potion of attraction {unknown}
 q - a potion of magic


   Skills:
 + Level 1.9 Fighting
 + Level 2.1 Short Blades
 + Level 1.5 Throwing
 + Level 3.3 Dodging
 + Level 4.7 Stealth
 * Level 3.6 Spellcasting
 * Level 5.8 Necromancy


You had 3 spell levels left.
You knew the following spells:

 Your Spells              Type           Power      Damage    Failure   Level
a - Pain                  Necr           92%        1d8       2%          1
b - Animate Skeleton      Necr           46%        N/A       2%          1
c - Vampiric Draining     Necr           23%        2d7       7%          3
d - Animate Dead          Necr           11%        N/A       22%         4

Your spell library contained the following spells:

 Spells                   Type           Power      Damage    Failure   Level
 Ensorcelled Hibernation  Hex/Ice        8%         N/A       36%         2
 Conjure Flame            Conj/Fire      3%         6-21      58%         3
 Ignite Poison            Fire/Tmut/Pois 3%         N/A       58%         3
 Tukima's Dance           Hex            3%         N/A       58%         3
 Agony                    Necr           23%        N/A       54%         5
 Sticky Flame             Conj/Fire      3%         2d3       94%         4


Dungeon Overview and Level Annotations

Branches:
Dungeon (5/15)
 Temple: D:4-7

Altars:
Elyvilon
Gozag
Uskayaw
Zin

Shops:
D:2 :

Annotations:
D:2 hansi's ghost, amateur TrBr
D:4 Dowan; Duvessa; Menkaure
D:5 Ijyb


Innate Abilities, Weirdness & Mutations

Your natural rate of healing is accelerated.
You have razor-sharp teeth.
You have supernaturally acute eyesight. (SInv)
You are afflicted with vampirism and can become a bat while bloodless.


Message History

Press: ? - help, Q - select action, (/) - cycle Shift-Dir - straight line, f/p - Duvessa
Aim: Duvessa, wielding a +0 short sword and wearing a +0 leather armour (moderately wounded)
You draw life force from Duvessa.
You feel life coursing into your body. Duvessa hits you with a +0 short sword.
Your magical contamination has completely faded away.
Duvessa closely misses you.
Menkaure calls on the powers of darkness!
The orc convulses!
Duvessa convulses!
Your body is wracked with pain!
* * * LOW HITPOINT WARNING * * *
Menkaure shrieks, "Why can't you leave me to my rest?"
Menkaure calls on the powers of darkness!
The orc convulses!
Duvessa convulses!
Your body is wracked with pain!
* * * LOW HITPOINT WARNING * * *
Duvessa says, "I don't care about looks, I care about technique!"
Menkaure is no longer moving quickly.
There is an escape hatch in the floor here.
Duvessa hits you with a +0 short sword!
* * * LOW HITPOINT WARNING * * *
You slide downwards.
The hatch slams shut behind you.
Ijyb shouts!
Found four items.
Found a stone staircase leading up.
Ijyb screams, "It's all mine!"
Found a sedimented inky potion.
You see here 23 stones.
A hound comes into view.
Found 12 gold pieces.
You see here a sedimented inky potion.
h - a sedimented inky potion The bullfrog skeleton hits you.
* * * LOW HITPOINT WARNING * * *
An ogre comes into view. It is wielding a +0 giant club.
Found 6 gold pieces.
Found an escape hatch in the floor and an escape hatch in the ceiling.
The bullfrog skeleton barely misses you.
Found a potion of degeneration.
The ogre shouts!
Found a stone staircase leading down.
The bullfrog skeleton hits you.
* * * LOW HITPOINT WARNING * * *
The bullfrog skeleton hits you.
You die...

.....>.
.......
...!... ##
##....... #.
....<.$.. #.
#........
##.##........
#....@O>..#
#...ZZ.####
#......#
###g#####
#.....#
#....#g#
#....#.#.####
#.$..#...(..#
#....##.##.##


You could see an ogre, Ijyb, a centaur zombie and a bullfrog skeleton.

Vanquished Creatures
  Sigmund (D:2)
  A black bear (D:4)
  A bullfrog (D:4)
  A hound (D:4)
  4 gnolls (D:3)
  An adder (D:4)
  2 worms (D:2)
  A dart slug (D:2)
  11 orcs (D:3)
  4 endoplasms
  2 giant cockroaches (D:3)
  5 goblins
  2 hobgoblins
  6 jackals
  5 kobolds
  8 quokkas
  2 ball pythons
  3 bats (D:2)
  5 frilled lizards
  3 rats
68 creatures vanquished.

Vanquished Creatures (collateral kills)
  An orc (D:3)
  A jackal (D:4)
  A ball python (D:4)
3 creatures vanquished.

Vanquished Creatures (others)
  4 plants (D:3)
4 creatures vanquished.

Grand Total: 75 creatures vanquished

Notes
Turn   | Place    | Note
-------+----------+-------------------------------------------
     0 | D:1      | Jinxx the Vampire Necromancer began the quest for the Orb.
     0 | D:1      | Reached XP level 1. HP: 13/13 MP: 3/3
   386 | D:1      | Reached XP level 2. HP: 16/20 MP: 0/5
   798 | D:1      | Learned a level 1 spell: Animate Skeleton
  1352 | D:2      | Found Kiogh's Book Shoppe.
  1544 | D:2      | Gained mutation: You are afflicted with vampirism and can
                  | become a bat while bloodless. [Vampire growth]
  1544 | D:2      | Reached XP level 3. HP: 21/25 MP: 0/6
  2083 | D:2      | Noticed Sigmund
  2092 | D:2      | Killed Sigmund
  2093 | D:2      | Reached skill level 1 in Fighting
  2093 | D:2      | Reached skill level 1 in Short Blades
  2093 | D:2      | Reached skill level 1 in Throwing
  2093 | D:2      | Reached skill level 5 in Necromancy
  2093 | D:2      | Reached XP level 4. HP: 15/32 MP: 0/8
  2093 | D:2      | Reached XP level 5. HP: 17/37 MP: 0/9
  2159 | D:2      | Learned a level 3 spell: Vampiric Draining
  2164 | D:2      | Learned a level 4 spell: Animate Dead
  2468 | D:3      | Found a hide-covered altar of Uskayaw.
  2783 | D:3      | Found a runed translucent door.
  2788 | D:3      | Noticed hansi's ghost (amateur TrBr)
  3105 | D:3      | Found an opulent altar of Gozag.
  3275 | D:3      | Reached XP level 6. HP: 41/43 MP: 7/10
  3323 | D:3      | Found a faded altar of an unknown god.
  4336 | D:4      | Noticed Duvessa
  4341 | D:4      | Noticed Menkaure
  4344 | D:4      | Noticed Dowan
  4370 | D:5      | Entered Level 5 of the Dungeon
  4370 | D:5      | Noticed Ijyb
  4380 | D:5      | HP: 2/44 [bullfrog skeleton (5)]
  4387 | D:5      | Slain by a bullfrog skeleton

Illustrated notes

Levels and vault maps discovered:
D:1:      minmay_arrival_nine_rooms, layout_basic
D:2:      layout_rooms, serial_shops, shop_statue, minmay_misc_feat_cross,
          minmay_statues_item, minmay_vboxes, uniq_sigmund
D:3:      wad_woods_settlement, layout_basic, grunt_gozag_breadcrumbs,
          old_standard_altar, mainiacjoe_overflow_divided_tiny,
          ebering_ghost_reflecting_pool, shapermc_ecumenical_altar_mp_highgroup,
          serial_glass, glass_columns_c, glass_columns_c,
          minmay_strange_pillars, item_on_display_a, item_on_display_a
D:4:      layout_cave_pools, serial_glass, glass_columns_c, glass_columns_b,
          roderic_lattice_a, uniq_menkaure, uniq_duvessa
D:5:      layout_basic, uniq_ijyb

Skill      XL: |  1  2  3  4  5  6 |
---------------+-------------------+-----
Fighting       | 1 |  1.9
Short Blades   | 1 2 |  2.1
Throwing       | 1 |  1.5
Stealth        | 4 |  4.7
Spellcasting   | 3 |  3.6
Necromancy     | 5 |  5.8
Dodging        | 3 |  3.3

Action                   |  1- 3 |  4- 6 || total
-------------------------+-------+-------++-------
Melee: Unarmed           |     3 |       ||     3
       Rapier            |     8 |    20 ||    28
       Flail             |       |    17 ||    17
       Bite              |       |     3 ||     3
Throw: Stone             |    25 |       ||    25
       Dart              |     5 |    15 ||    20
       Javelin           |       |     1 ||     1
 Cast: Pain              |    64 |    74 ||   138
       Animate Skeleton  |     7 |    18 ||    25
       Vampiric Draining |       |     4 ||     4
  Use: Potion            |       |     8 ||     8
       Scroll            |       |     2 ||     2
Armor: Robe              |     2 |     3 ||     5
       Skin              |       |    20 ||    20
Dodge: Dodged            |    12 |    24 ||    36

Table legend: (Time is in decaauts)
 A = Elapsed time spent in this place.
 B = Non-inter-level travel time spent in this place.
 C = Inter-level travel time spent in this place.
 D = Time resting spent in this place.
 E = Time spent auto-exploring this place.
 F = Levels seen in this place.
 G = Mean time per level.
                   A        B        C        D        E       F      G
               +--------+--------+--------+--------+--------+-----+--------+
         Total |   4383 |   4382 |      1 |   1200 |   2147 |   5 |  876.6 |
       Dungeon |   4383 |   4382 |      1 |   1200 |   2147 |   5 |  876.6 |
               +--------+--------+--------+--------+--------+-----+--------+

Top non-repeatable levels by time:
     D:3: 1616 daAuts
     D:1: 1358 daAuts
     D:2: 1025 daAuts
     D:4: 365 daAuts
     D:5: 16 daAuts
